 Dungeon Crawl Stone Soup version 0.30-a0-596-g0af90f9a20 (webtiles) character file.

Game seed: 14832057730960286111

261 bmack86 the Trooper (level 5, -1/48 HPs)
             Began as a Minotaur Fighter on Jan 7, 2023.
             Slain by Edmund
             ... wielding a +1 flail of venom
              (3 damage)
             ... on level 4 of the Dungeon.
             The game lasted 00:04:49 (2379 turns).

bmack86 the Trooper (Minotaur Fighter)              Turns: 2379, Time: 00:04:50

Health: -1/48      AC:  8    Str: 23    XL:     5   Next: 96%
Magic:  4/4        EV:  9    Int:  5    God:
Gold:   94         SH:  4    Dex:  9    Spells: 4/4 levels left

rFire   . . .      SeeInvis .    a - +1 war axe
rCold   + . .      Faith    .    c - +0 buckler
rNeg    . . .      Spirit   .    b - +0 scale mail
rPois   .          Reflect  .    (helmet restricted)
rElec   .          Harm     .    o - +0 cloak
rCorr   .          Rampage  .    (no gloves)
Will    .....                    (no boots) Stlth
                                 (no amulet)
HPRegen 0.28/turn                m - ring of protection from cold
MPRegen 0.09/turn                (no ring)

@: lethally poisoned (-1 -> -13)
A: horns 2, retaliatory headbutt
a: no special abilities


You were on level 4 of the Dungeon.
You visited 1 branch of the dungeon, and saw 4 of its levels.

You collected 94 gold pieces.

Inventory:

Hand Weapons
 a - a +1 war axe (weapon)
Missiles
 f - 2 throwing nets (quivered)
 r - 3 curare-tipped darts
Armour
 b - a +0 scale mail (worn)
 c - a +0 buckler (worn)
 o - a +0 cloak (worn)
Jewellery
 m - a ring of protection from cold (left hand)
Wands
 p - a wand of flame (7)
Scrolls
 j - 2 scrolls of teleportation
 n - a scroll of identify
Potions
 d - a potion of might
 h - a potion of lignification {unknown}
 i - a potion of heal wounds {unknown}
 l - 2 potions of cancellation {unknown}
 q - a potion of curing {unknown}


   Skills:
 * Level 5.3 Fighting
 * Level 4.6 Axes
 + Level 1.5 Throwing
 + Level 4.5 Armour
 + Level 4.6 Shields


You had 4 spell levels left.
You didn't know any spells.
Your spell library contained the following spells:

 Spells                   Type           Power      Damage    Failure   Level
 Blink                    Tloc           0%         N/A       95%         2
 Manifold Assault         Tloc           0%         N/A       100%        4
 Summon Ice Beast         Ice/Summ       0%         N/A       100%        4
 Summon Mana Viper        Hex/Summ       0%         N/A       100%        5
 Monstrous Menagerie      Summ           0%         N/A       100%        7
 Storm Form               Tmut/Air       0%         N/A       100%        7


Dungeon Overview and Level Annotations

Branches:
Dungeon (4/15)
 Temple: D:4-7

Altars:
Qazlal

Shops:
D:3 *

Annotations:
D:4 Edmund


Innate Abilities, Weirdness & Mutations

You have a pair of horns on your head.
You reflexively headbutt those who attack you in melee.


Message History

You pick up an Inescapable Atlas and begin reading...
You add the spells Blink, Manifold Assault and Storm Form to your library.
Edmund the Younger comes into view.
He is wielding a +1 flail of venom and wearing a +3 scale mail of poison resistance.
Edmund shouts!
Edmund clears his throat.
You block Edmund's attack.
You barely miss Edmund.
Edmund hits you with a +1 flail of venom. x2
You are poisoned.
You hit Edmund but do no damage.
You feel very sick. You block Edmund's attack.
You hit Edmund. You headbutt Edmund, but do no damage.
Edmund is lightly wounded.
You feel sick.
Edmund hits you with a +1 flail of venom.
You hit Edmund.
Edmund is lightly wounded.
You feel sick.
Edmund hits you with a +1 flail of venom.
You are more poisoned.
Edmund hits you with a +1 flail of venom!
You are lethally poisoned!
You hit Edmund but do no damage.
Edmund is lightly wounded.
* * * LOW HITPOINT WARNING * * *
You feel extremely sick.
Edmund says, "People accused me of being a cutpurse!"
Edmund misses you.
You hit Edmund but do no damage. Your headbutt misses Edmund.
Edmund is lightly wounded.
* * * LOW HITPOINT WARNING * * *
You feel extremely sick. Edmund barely misses you.
You hit Edmund but do no damage. Your headbutt misses Edmund.
Edmund is lightly wounded.
* * * LOW HITPOINT WARNING * * *
You feel very sick.
Edmund hits you with a +1 flail of venom.
You die...

#......##...#####.
#.................#
#..................
#..##.............#
....................#
#......##.............#
#......###.#..........#
#......###.#..........#
#(.............@@.....#
#......###.#.#.#......#
. ###...#.#......# ###
........#......# ..
.........#######. #
........<......# #
.............^.# #
...............# ##
........####### #.


You could see Edmund.

Vanquished Creatures
  An ogre (D:3)
  Ijyb (D:3)
  A hound (D:4)
  An iguana (D:4)
  A scorpion zombie (D:2)
  2 adders
  An adder skeleton (D:2)
  A worm (D:2)
  3 endoplasms
  A giant cockroach (D:2)
  4 goblins
  4 hobgoblins
  8 kobolds
  5 quokkas
  7 ball pythons
  A ball python skeleton (D:2)
  4 bats
  6 frilled lizards
  A quokka skeleton (D:2)
  4 rats
57 creatures vanquished.

Notes
Turn   | Place    | Note
-------+----------+-------------------------------------------
     0 | D:1      | bmack86 the Minotaur Fighter began the quest for the Orb.
     0 | D:1      | Reached XP level 1. HP: 19/19 MP: 0/0
   214 | D:1      | Reached XP level 2. HP: 27/27 MP: 1/1
   441 | D:1      | Reached skill level 4 in Fighting
   887 | D:2      | Reached XP level 3. HP: 33/33 MP: 2/2
  1259 | D:2      | Reached XP level 4. HP: 29/41 MP: 3/3
  1581 | D:3      | Noticed Ijyb
  1594 | D:3      | Killed Ijyb
  1822 | D:3      | Found Ehoerim's Assorted Antiques.
  1829 | D:3      | Reached skill level 1 in Throwing
  1951 | D:3      | Found a stormy altar of Qazlal.
  2107 | D:4      | Noticed an ogre
  2120 | D:3      | Killed an ogre
  2121 | D:3      | Reached skill level 5 in Fighting
  2121 | D:3      | Reached XP level 5. HP: 9/48 MP: 4/4
  2356 | D:4      | Noticed Edmund
  2379 | D:4      | HP: 2/48 [poisoned by Edmund]
  2379 | D:4      | Slain by Edmund

Illustrated notes

Levels and vault maps discovered:
D:1:      lightli_molten_gateway, layout_loops_corners, minmay_unequal
D:2:      layout_loops_cross, serial_undead, serial_undead_b, serial_undead_d,
          serial_undead_f, serial_undead_e, minmay_split_cup_small
D:3:      layout_rooms, general_overflow_altar, serial_shops,
          nicolae_shop_trees, uniq_ijyb
D:4:      layout_basic, fedhas_altar_2, lemuel_temple_firewalk_a,
          solitary_fountain, uniq_menkaure, uniq_robin, uniq_edmund

Skill      XL: |  1  2  3  4 |
---------------+-------------+-----
Axes           | 3 4 |  4.6
Fighting       | 4 5 |  5.3
Armour         | 4 |  4.5
Shields        | 4 |  4.6
Throwing       | 1 |  1.5

Action                   |  1- 3 |  4- 6 || total
-------------------------+-------+-------++-------
Melee: War axe           |    87 |    48 ||   135
       Headbutt          |    11 |     6 ||    17
  Use: Scroll            |       |     4 ||     4
Armor: Scale mail        |    51 |    19 ||    70
Dodge: Dodged            |    52 |    24 ||    76
Block: Buckler           |    12 |    12 ||    24

Table legend: (Time is in decaauts)
 A = Elapsed time spent in this place.
 B = Non-inter-level travel time spent in this place.
 C = Inter-level travel time spent in this place.
 D = Time resting spent in this place.
 E = Time spent auto-exploring this place.
 F = Levels seen in this place.
 G = Mean time per level.
                   A        B        C        D        E       F      G
               +--------+--------+--------+--------+--------+-----+--------+
         Total |   2428 |   2345 |     83 |    139 |   1598 |   4 |  607.0 |
       Dungeon |   2428 |   2345 |     83 |    139 |   1598 |   4 |  607.0 |
               +--------+--------+--------+--------+--------+-----+--------+

Top non-repeatable levels by time:
     D:1: 856 daAuts
     D:3: 759 daAuts
     D:2: 684 daAuts
     D:4: 127 daAuts
